 Dungeon Crawl Stone Soup version 0.17.0-73-gb648821 (console) character file.

986 Kloppie the Cudgeler (level 7, 0/61 HPs)
             Began as a Centaur Fighter on Dec 10, 2015.
             Slain by Prince Ribbit (11 damage)
             ... on level 5 of the Dungeon.
             The game lasted 00:06:25 (4545 turns).

Kloppie the Cudgeler (Centaur Fighter)              Turns: 4545, Time: 00:06:25

Health: 0/61       AC: 13    Str: 19    XL:     7   Next: 97%
Magic:  7/7        EV:  5    Int:  7    God:
Gold:   303        SH:  9    Dex: 10    Spells: 0 memorised, 6 levels left

rFire  . . .     SeeInvis .     a - +0 flail
rCold  + . .     Clarity  .     d - +4 scale mail {rC+}
rNeg   . . .     SustAt   .     c - +0 shield
rPois  .         Gourm    .     E - +0 helmet (curse)
rElec  .         Spirit   .     b - +0 cloak
rCorr  .         Warding  .     t - +0 pair of gloves
rMut   .         Stasis   .     (no barding)
MR     .....                    (no amulet)
Stlth  ..........               (no ring)
                                (no ring)

@: very quick, not resistant to hostile enchantments, extremely unstealthy
A: hooves 3, deformed body, speed 2, tough skin 3
a: no special abilities


You were on level 5 of the Dungeon.
You were not hungry.

You visited 1 branch of the dungeon, and saw 5 of its levels.
You also visited: Sewer.

You collected 303 gold pieces.

Inventory:

Hand Weapons
 a - a +0 flail (weapon)
Armour
 b - a +0 cloak (worn)
 c - a +0 shield (worn)
 d - a +4 scale mail of cold resistance (worn)
 t - a +0 pair of gloves (worn)
 E - a cursed +0 helmet (worn)
Jewellery
 p - a cursed amulet of inaccuracy {unknown}
 F - an uncursed ring of flight {unknown}
Wands
 o - a wand of enslavement (4)
Scrolls
 f - 9 scrolls of identify {unknown}
 g - 4 scrolls of remove curse {unknown}
 h - 7 scrolls of teleportation {unknown}
 i - a scroll of random uselessness {unknown}
 s - 2 scrolls of enchant armour {unknown}
 v - 2 scrolls of noise {unknown}
 x - 3 scrolls of magic mapping {unknown}
 y - a scroll of blinking {unknown}
 B - a scroll of fear {unknown}
 C - a scroll of fog {unknown}
 D - a scroll of enchant weapon {unknown}
Potions
 j - 2 potions of degeneration {unknown}
 k - a potion of brilliance {unknown}
 l - a potion of magic {unknown}
 n - 3 potions of resistance {unknown}
 w - 3 potions of berserk rage {unknown}
 z - 3 potions of might
 A - 2 potions of flight {unknown}
 H - 2 potions of heal wounds {unknown}
Comestibles
 e - 3 bread rations
 m - 2 fruits
 q - a beef jerky
 r - 3 slices of pizza
 G - 2 meat rations


   Skills:
 - Level 5.0 Fighting
 + Level 6.2 Maces & Flails
 - Level 2.1 Armour
 + Level 4.3 Shields


You had 6 spell levels left.
You didn't know any spells.

Dungeon Overview and Level Annotations

Branches:
Dungeon (5/15)
 Temple: D:4-7

Altars:
Ashenzari
Fedhas
Nemelex Xobeh
Sif Muna
Yredelemnul

Annotations:
D:5 exclusion: oklob plant, Prince Ribbit


Innate Abilities, Weirdness & Mutations

You have hooves in place of feet.
Armour fits poorly on your strangely shaped body.
You cover ground very quickly.
You have extremely tough skin (AC +3).


Message History

All of the chunks of flesh in your inventory have rotted away.
Prince Ribbit hits you!
Prince Ribbit blinks!
Prince Ribbit blinks!
You enter the shallow water.
Moving in this stuff is going to be slow.
Prince Ribbit blinks!
Prince Ribbit hits you.
Prince Ribbit momentarily phases out as your attack passes through him.
Prince Ribbit is heavily wounded.
Prince Ribbit hits you!
* * * LOW HITPOINT WARNING * * *
You are too injured to fight recklessly!
You are too injured to fight recklessly!
You closely miss Prince Ribbit. You kick Prince Ribbit.
Prince Ribbit is heavily wounded.
Prince Ribbit hits you!
* * * LOW HITPOINT WARNING * * *
Prince Ribbit hits you!
You die...

#.#.#PPPP.#P####PP. PP #.....
#.#PPP.#PPPP#PPPPP#%%####..#.#
#.#PPPPP.......P#PP%#P#.......
#.##PPP..≈≈≈≈≈...#P.P.#.....##
#.##PP..≈≈≈≈≈≈≈..PPPP####..)##
#.# #..≈≈≈≈≈≈≈≈≈..PPP## #..)..
#.# #.≈≈≈≈≈≈≈≈≈≈≈.PP..# ##.###
#.###.≈≈≈≈...≈F≈≈.PP# ####.#
#.....≈≈≈≈._.@....#P###....#
#####.≈≈≈≈...≈≈≈≈.PPPP######
#P#.≈≈≈≈≈≈≈≈≈≈≈.PPPP#
#.P..≈≈≈≈≈≈≈≈≈..P##P#
#PPP..≈≈≈≈≈≈≈..##.PP#
#P##P..≈≈≈≈≈....P.P##
#PPP..........#P#PPP#


#.PPP#P.PPPPPPPP.P#P# #PPPPP#PPPPPP#P.P...# You could see Prince Ribbit.

Vanquished Creatures
  Purgy (Sewer)
  A sky beast (D:5)
  2 ice beasts (D:5)
  The ghost of JoulesFerne the Shield-Bearer, an amateur FoFi (D:3)
  A scorpion (D:5)
  A hound (D:5)
  2 crimson imps (D:5)
  An orc priest (D:5)
  A giant frog skeleton (D:4)
  Crazy Yiuf (D:2)
  A jelly (D:5)
  Terence (D:2)
  An orc wizard (D:5)
  2 worker ants (D:4)
  A worker ant zombie (D:5)
  6 adders
  2 oozes
  2 worms
  3 giant geckos
  7 orcs
  2 giant cockroaches (D:2)
  9 hobgoblins
  5 jackals
  2 quokkas
  2 ball pythons (Sewer)
  8 bats
  A giant gecko skeleton (D:5)
  9 giant newts
  8 goblins
  4 kobolds
  5 rats
93 creatures vanquished.

Notes
Turn   | Place    | Note
--------------------------------------------------------------
     0 | D:1      | Kloppie the Centaur Fighter began the quest for the Orb.
     0 | D:1      | Reached XP level 1. HP: 19/19 MP: 1/1
   160 | D:1      | Reached XP level 2. HP: 26/26 MP: 2/2
   628 | D:2      | Found a shattered altar of Ashenzari.
   628 | D:2      | Found a basalt altar of Yredelemnul.
   692 | D:2      | Reached XP level 3. HP: 29/33 MP: 3/3
   805 | D:2      | Noticed Terence
   847 | D:2      | Killed Terence
   847 | D:2      | Reached skill level 4 in Fighting
   847 | D:2      | Reached XP level 4. HP: 3/40 MP: 4/4
   848 | D:2      | HP: 2/40 [poisoned by an adder]
  1288 | D:2      | Noticed Crazy Yiuf
  1313 | D:2      | Killed Crazy Yiuf
  1690 | D:2      | Found a faded altar to an unknown god.
  1925 | D:2      | Found a deep blue altar of Sif Muna.
  2034 | D:3      | Reached XP level 5. HP: 22/47 MP: 5/5
  2076 | D:3      | Noticed JoulesFerne's ghost (amateur FoFi)
  2084 | D:3      | Killed JoulesFerne's ghost
  2084 | D:3      | Reached skill level 5 in Fighting
  2767 | D:4      | Found a glowing drain.
  2772 | Sewer    | Entered a sewer
  2964 | Sewer    | Noticed Purgy
  2987 | Sewer    | Killed Purgy
  2987 | Sewer    | Reached XP level 6. HP: 36/56 MP: 6/6
  3202 | D:4      | Found a sparkling altar of Nemelex Xobeh.
  3413 | D:5      | Entered Level 5 of the Dungeon
  3425 | D:5      | Reached skill level 5 in Maces & Flails
  3425 | D:5      | Reached XP level 7. HP: 61/61 MP: 7/7
  4231 | D:5      | Reached skill level 6 in Maces & Flails
  4491 | D:5      | Found a blossoming altar of Fedhas.
  4513 | D:5      | Noticed Prince Ribbit
  4526 | D:5      | Noticed an oklob plant
  4545 | D:5      | Slain by Prince Ribbit

Action                   |  1- 3 |  4- 6 |  7- 9 || total
-------------------------+-------+-------+-------++-------
Melee: Flail             |    80 |   160 |   157 ||   397
  Use: Potion            |     1 |       |       ||     1
  Eat: Chunk             |       |     6 |     4 ||    10
